 Dungeon Crawl Stone Soup version 0.32-a0-630-g46d191b0ed (webtiles) character file.

Game seed: 9878289330692529880

2155 zenocrate the Digger (level 8, -10/66 (67) HPs)
             Began as a Demigod Earth Elementalist on Mar 6, 2024.
             Mangled by Menkaure (19 damage)
             ... on level 7 of the Dungeon.
             The game lasted 00:09:54 (8481 turns).

zenocrate the Digger (Demigod Earth Elementalist)   Turns: 8481, Time: 00:09:55

HP:   -10/66 (67)   AC:  4    Str:  9    XL:     8   Next: 84%
MP:   8/17          EV: 13    Int: 25    God:
Gold: 67            SH:  0    Dex: 14    Spells: 5/15 levels left

rFire   + . .        a - staff of death
rCold   + + .        (no shield)
rNeg    + . .        o - +0 robe
rPois   .            (no helmet)
rElec   .            c - scarf {rC+ rF+}
rCorr   +            j - +1 pair of gloves
SInv    .            (no boots)
Will    .....        (no amulet)
Stlth   ++           y - ring of resist corrosion
HPRegen 0.31/turn    g - ring of protection from cold
MPRegen 0.15/turn

%: no passive effects
@: very slightly contaminated, lightly drained
A: high MP 1, forlorn, divine attributes
a: no special abilities


You were on level 7 of the Dungeon.
You visited 2 branches of the dungeon, and saw 8 of its levels.

You collected 379 gold pieces.
You spent 312 gold pieces at shops.

Inventory:

Hand Weapons
 b - a +0 spear of flaming
 z - a +3 trident of freezing
Armour
 c - a scarf of resistance (worn)
 f - a +0 cloak
 j - a +1 pair of gloves (worn)
 o - a +0 robe (worn)
Magical Staves
 a - a staff of death (weapon)
Jewellery
 g - a ring of protection from cold (right hand)
 l - a ring of positive energy
 y - a ring of resist corrosion (left hand)
Wands
 k - a wand of polymorph (11)
 q - a wand of mindburst (8)
 t - a wand of light (4)
 A - a wand of flame (20)
Scrolls
 n - a scroll of enchant armour
 r - a scroll of silence {unknown}
Potions
 e - 5 potions of curing
 h - 2 potions of cancellation
 i - a potion of lignification
 m - a potion of enlightenment
 p - a potion of magic
 s - a potion of heal wounds
 u - a potion of attraction {unknown}
 v - a potion of mutation
 w - a potion of invisibility
 x - a potion of haste {unknown}


   Skills:
 + Level 4.3 Fighting
 + Level 4.6 Dodging
 - Level 1.7 Stealth
 + Level 4.2 Spellcasting
 + Level 4.2 Conjurations
 + Level 5.0 Earth Magic
 + Level 4.9 Evocations


You had 5 spell levels left.
You knew the following spells:

 Your Spells              Type           Power      Damage    Failure   Level
a - Stone Arrow           Conj/Erth      56%        3d10      4%          3
b - Sandblast             Erth           60%        2d14      1%          1
c - Ozocubu's Armour      Ice            5%         N/A       26%         3
w - Passwall              Erth           30%        N/A       3%          3

Your spell library contained the following spells:

 Spells                   Type           Power      Damage    Failure   Level
 Slow                     Hex            20%        N/A       9%          1
 Hailstorm                Conj/Ice       15%        3d6       11%         3
 Brom's Barrelling Bould  Conj/Erth      28%        2d5       13%         4
 Confusing Touch          Hex            5%         N/A       26%         3
 Sigil of Binding         Hex            5%         N/A       26%         3
 Summon Ice Beast         Ice/Summ       5%         N/A       26%         3
 Vampiric Draining        Necr           7%         2d6       26%         3
 Petrify                  Alch/Erth      17%        N/A       30%         4
 Metabolic Englaciation   Hex/Ice        2%         N/A       94%         5
 Summon Mana Viper        Hex/Summ       5%         N/A       94%         5
 Sculpt Simulacrum        Ice/Alch       2%         N/A       100%        6
 Monstrous Menagerie      Summ           2%         N/A       100%        7


Dungeon Overview and Level Annotations

Branches:
Dungeon (7/15)             Temple (1/1) D:6

Shops:
D:6 !

Annotations:
D:6 3 runed translucent doors, elongatedgoose's ghost, novice CoGl
D:7 Joseph; Menkaure


Innate Abilities, Weirdness & Mutations

You have an increased reservoir of magic. (+10% MP)
You shall have no god before yourself.
Your divine heritage dramatically boosts your attributes as you level up.


Message History

You hit the iguana but do no damage.
The iguana writhes in agony.
The iguana is severely wounded.
The iguana bites you!
Unknown command.
Okay, then.
You feel much better. The orc hits you with a +0 hand axe.
The iguana bites you but does no damage.
Casting: Stone Arrow (dangerous; 4% risk of failure)
Confirm with . or Enter, or press ? or * to list all spells.
Aiming: Stone Arrow (dangerous; 4% risk of failure)
Press: ? - help, Shift-Dir - straight line, f - iguana
Aim: an iguana (severely wounded, 75% to hit)
The stone arrow hits the iguana!!
You kill the iguana!
The orc hits you with a +0 hand axe.
Joseph shoots a sling bullet.
The sling bullet closely misses you. Menkaure completely misses you.
Casting: Stone Arrow (dangerous; 4% risk of failure)
Confirm with . or Enter, or press ? or * to list all spells.
Aiming: Stone Arrow (dangerous; 4% risk of failure)
Press: ? - help, Shift-Dir - straight line, f - Menkaure
Aim: Menkaure (86% to hit)
The stone arrow hits Menkaure!
Menkaure is severely damaged.
The orc misses you.
Joseph shoots a sling bullet.
The sling bullet hits you!!
* * * LOW HITPOINT WARNING * * *
Menkaure completely misses you.
Unknown command.
Unknown command.
Casting: Stone Arrow (dangerous; 4% risk of failure)
Confirm with . or Enter, or press ? or * to list all spells.
Aiming: Stone Arrow (dangerous; 4% risk of failure)
Press: ? - help, Shift-Dir - straight line, f/p - Menkaure
Aim: Menkaure (severely damaged, 86% to hit)
You miscast Stone Arrow.
You are very lightly contaminated with residual magic.
Nothing appears to happen.
The orc misses you.
Joseph shoots a sling bullet.
The sling bullet hits you!
* * * LOW HITPOINT WARNING * * *
Menkaure hits you!!
You die...

####### ##...........##
#.....# #.............#
#.###.# #.............#
#.###.##
##.............#
#.#<..##
..............#
#.#.#### #.....@.....#
#...(..# #....M†o....#
###.##.. #.....@.....#
####.. #.........).#
#.# #...........# #.#
#..........)#### #.#
#..........[)..######..
#...........##.##...###
##.##.########.##.#.###
#.!..# #........#
....## #######.##.#


You could see Joseph, Menkaure and an orc.

Vanquished Creatures
  3 black bears
  2 ogres
  An ice beast (D:5)
  A sky beast (D:5)
  A centaur (D:6)
  A phantom (D:4)
  A bullfrog (D:6)
  3 scorpions
  9 wights
  2 jellies
  4 hounds
  An orc priest (D:5)
  A gnoll bouda (D:5)
  A sleepcap (D:6)
  6 iguanas
  2 orc wizards (D:7)
  7 adders
  3 gnolls
  2 shadow imps
  4 dart slugs
  3 ribbon worms
  14 orcs
  14 endoplasms
  4 giant cockroaches
  5 goblins
  3 hobgoblins
  5 quokkas
  16 ball pythons
  3 bats
  4 frilled lizards
  3 kobolds
  3 rats
132 creatures vanquished.

Notes
Turn   | Place    | Note
-------+----------+-------------------------------------------
     0 | D:1      | zenocrate the Demigod Earth Elementalist began the quest
                  | for the Orb.
     0 | D:1      | Reached XP level 1. HP: 14/14 MP: 5/5
    43 | D:1      | Reached skill level 1 in Conjurations
   216 | D:1      | Reached XP level 2. HP: 22/22 MP: 5/7
  1050 | D:1      | Reached skill level 1 in Fighting
  1054 | D:1      | Reached skill level 3 in Earth Magic
  1280 | D:2      | Reached XP level 3. HP: 25/28 MP: 6/8
  1342 | D:2      | Learned a level 3 spell: Stone Arrow
  2230 | D:3      | Reached XP level 4. HP: 30/36 MP: 8/10
  2234 | D:3      | Learned a level 3 spell: Ozocubu's Armour
  2473 | D:3      | You fall into a shaft and drop 2 floors!
  2473 | D:5      | Entered Level 5 of the Dungeon
  2616 | D:4      | Noticed an ogre
  2629 | D:4      | Killed an ogre
  2630 | D:4      | Reached skill level 1 in Evocations
  2630 | D:4      | Reached XP level 5. HP: 15/41 MP: 9/11
  3320 | D:4      | Noticed a black bear
  3323 | D:4      | Killed a black bear
  3324 | D:4      | Reached XP level 6. HP: 49/49 MP: 5/13
  4882 | D:5      | Reached XP level 7. HP: 19/56 MP: 0/14
  5029 | D:5      | Learned a level 3 spell: Passwall
  5151 | D:5      | Reached skill level 4 in Earth Magic
  6343 | D:6      | Found a runed translucent gate.
  6344 | D:6      | Found a runed translucent gate.
  6345 | D:6      | Found a runed translucent gate.
  6345 | D:6      | Noticed a two-headed ogre
  6351 | D:6      | Noticed elongatedgoose's ghost (novice CoGl)
  6360 | D:6      | Found a staircase to the Ecumenical Temple.
  6369 | Temple   | Entered the Ecumenical Temple
  6390 | D:6      | Reached XP level 8. HP: 63/63 MP: 9/16
  6808 | D:6      | HP: 2/57 [wight/+0 spear (9)]
  7500 | D:6      | Found Uzadeh's Distillery.
  7511 | D:6      | Bought a potion of mutation for 96 gold pieces
  7511 | D:6      | Bought 2 potions of heal wounds for 120 gold pieces
  7511 | D:6      | Bought a potion of invisibility for 96 gold pieces
  8200 | D:7      | Reached skill level 5 in Earth Magic
  8412 | D:7      | Noticed Joseph
  8470 | D:7      | Noticed Menkaure
  8481 | D:7      | Mangled by Menkaure

Illustrated notes

Levels and vault maps discovered:
D:1:      heliophobic_arrival_henge, layout_basic, hex_intersection
D:2:      layout_loops_ring, basic_altar
D:3:      layout_loops_ring, hellmonk_ecumenical_altar_arch_garden
D:4:      layout_rooms, serial_curves, eino_curves_04, eino_curves_02,
          mainiacjoe_sewer_entry_somewhere_in_here_1, st_stairs_9,
          grunt_ministairs_13, glass_columns_b, grunt_decor_clamped,
          minmay_cut_off
D:5:      layout_loops_ring, mainiacjoe_overflow_two_lobes, st_stairs_10,
          nicolae_underground_beach
D:6:      layout_loops_corners, minmay_temple_entry_mini_moons, serial_shops,
          nicolae_shop_hallway_plus, gammafunk_ghost_split
D:7:      layout_basic, uniq_joseph, uniq_menkaure
Temple:   hellmonk_temple_of_storms

Skill      XL: |  1  2  3  4  5  6  7  8 |
---------------+-------------------------+-----
Conjurations   | 1 2 3 4 |  4.2
Dodging        | 2 3 4 |  4.6
Spellcasting   | 2 3 4 |  4.2
Fighting       | 1 2 3 4 |  4.3
Earth Magic    | 3 4 5 |  5.0
Evocations     | 1 2 3 4 |  4.9
Stealth        | |  1.7

Action                     |  1- 3 |  4- 6 |  7- 9 || total
---------------------------+-------+-------+-------++-------
  Melee: Unarmed           |    10 |       |       ||    10
         Spear             |     5 |       |    10 ||    15
         Staff             |       |    80 |    56 ||   136
   Cast: Sandblast         |    68 |    23 |     4 ||    95
         Stone Arrow       |       |    42 |    77 ||   119
  Evoke: Wand              |       |     5 |     7 ||    12
    Use: Scroll            |       |     6 |     4 ||    10
         Potion            |       |       |     3 ||     3
 Armour: Robe              |    20 |    81 |    77 ||   178
  Dodge: Dodged            |    25 |    70 |    75 ||   170

Table legend: (Time is in decaauts)
 A = Elapsed time spent in this place.
 B = Non-inter-level travel time spent in this place.
 C = Inter-level travel time spent in this place.
 D = Time resting spent in this place.
 E = Time spent auto-exploring this place.
 F = Levels seen in this place.
 G = Mean time per level.
                   A        B        C        D        E       F      G
               +--------+--------+--------+--------+--------+-----+--------+
         Total |   8560 |   8351 |    209 |     72 |   7245 |   8 | 1070.0 |
       Dungeon |   8559 |   8350 |    209 |     72 |   7245 |   7 | 1222.7 |
        Temple |      1 |      1 |      0 |      0 |      0 |   1 |    1.0 |
               +--------+--------+--------+--------+--------+-----+--------+

Top non-repeatable levels by time:
     D:6: 1893 daAuts
     D:4: 1691 daAuts
     D:5: 1589 daAuts
     D:1: 1175 daAuts
     D:2: 892 daAuts
     D:3: 732 daAuts
     D:7: 584 daAuts
  Temple: 1 daAuts
